 Dungeon Crawl Stone Soup version 0.24-a0-446-g87df7205b4 (webtiles) character file.

Game seed: 11559306236105845389

2879 Krouwed the Covert (level 9, -15/61 HPs)
             Began as a Vampire Assassin on June 24, 2019.
             Hit by a large rock thrown by a cyclops (42 damage)
             ... on level 7 of the Dungeon.
             The game lasted 00:26:28 (6631 turns).

Krouwed the Covert (Vampire Assassin)               Turns: 6631, Time: 00:26:29

Health: -15/61     AC:  8    Str: 13    XL:     9   Next: 48%
Magic:  0/9        EV: 15    Int: 16    God:
Gold:   351        SH:  7    Dex: 16    Spells: 8/8 levels left

rFire    . . .     SeeInvis +   w - +2 dagger (venom)
rCold    . . .     Gourm    .   c - +2 buckler
rNeg     . . .     Faith    .   d - +1 leather armour {MR+}
rPois    .         Spirit   +   (no helmet)
rElec    .         Reflect  .   s - scarf {Spirit}
rCorr    .         Harm     .   x - +2 pair of gloves {archery}
MR       +....                  v - +0 pair of boots
Stlth    ++++......             (no amulet)
HPRegen  0.40/turn              h - +3 ring of intelligence
MPRegen  0.11/turn              t - ring of wizardry

@: regenerating quickly
A: no food, fangs 3, see invisible, [frail 1], unbreathing
a: Exsanguinate


You were on level 7 of the Dungeon.
You were alive.

You visited 1 branch of the dungeon, and saw 7 of its levels.

You collected 351 gold pieces.

Inventory:

Hand Weapons
 w - a +2 dagger of venom (weapon)
 y - a +0 short sword of speed
Armour
 c - a +2 buckler (worn)
 d - a +1 leather armour of magic resistance (worn)
 s - a scarf of spirit shield (worn)
 v - a +0 pair of boots (worn)
 x - a +2 pair of gloves of archery (worn)
 C - a +0 leather armour of poison resistance
Jewellery
 h - a +3 ring of intelligence (left hand)
 k - an uncursed ring of flight
 t - a ring of wizardry (right hand)
Wands
 m - a wand of iceblast (12)
 o - a wand of paralysis (1)
 z - a wand of acid (7)
 A - a wand of digging (5)
Scrolls
 a - 2 scrolls of fear
 e - a scroll of enchant weapon
 f - 7 scrolls of teleportation
 p - a scroll of fog {unknown}
 r - 3 scrolls of remove curse
 u - 4 scrolls of immolation {unknown}
 B - a scroll of amnesia
Potions
 b - a potion of invisibility {unknown}
 g - 2 potions of agility
 i - 2 potions of mutation {unknown}
 j - a potion of might {unknown}
 l - a potion of heal wounds
 n - a potion of cancellation {unknown}
 q - 3 potions of curing


   Skills:
 + Level 5.2 Fighting
 + Level 6.4 Short Blades
 + Level 4.7 Throwing
 + Level 6.0 Dodging
 + Level 10.4 Stealth
 - Level 4.0 Shields


You had 8 spell levels left.
You didn't know any spells.
Your spell library contained the following spells:

 Spells                   Type           Power        Failure   Level  Hunger
 Animate Skeleton         Necr           N/A          13%         1    N/A
 Apportation              Tloc           #.....       13%         1    N/A
 Confusing Touch          Hex            #.....       13%         1    N/A
 Corona                   Hex            #......      13%         1    N/A
 Summon Small Mammal      Summ           #...         13%         1    N/A
 Ensorcelled Hibernation  Hex/Ice        #.....       19%         2    N/A
 Slow                     Hex            #.......     19%         2    N/A
 Confuse                  Hex            #.......     34%         3    N/A
 Dazzling Spray           Conj/Hex       #.....       34%         3    N/A
 Inner Flame              Hex/Fire       #.......     34%         3    N/A
 Portal Projectile        Hex/Tloc       #.....       34%         3    N/A
 Tukima's Dance           Hex            #.......     34%         3    N/A
 Cause Fear               Hex            #.........   75%         4    N/A
 Leda's Liquefaction      Hex/Erth       #.........   75%         4    N/A

Dungeon Overview and Level Annotations

Branches:
Dungeon (7/15)
 Temple: D:4-7

Altars:
Elyvilon
Hepliaklqana
Nemelex Xobeh
Ru
Sif Muna
Vehumet
Xom


Innate Abilities, Weirdness & Mutations

You do not eat.
Your natural rate of healing is unusually fast.
You have razor-sharp teeth.
You have supernaturally acute eyesight. (SInv)
You can survive without breathing.
[You are frail. (-10% HP)]


Message History

You hit the cyclops but do no damage. The cyclops hits you!!
The cyclops closely misses you.
The cyclops hits you but does no damage.
You hit the cyclops but do no damage.
The cyclops looks even sicker.
The cyclops is lightly wounded.
The cyclops hits you!
You hit the cyclops.
The cyclops looks as sick as possible!
The cyclops is moderately wounded.
The cyclops throws a large rock.
The large rock hits you.
You see here a large rock.
The cyclops throws a large rock.
The large rock completely misses you.
You see here a large rock.
The cyclops throws a large rock.
The large rock completely misses you.
Things that are here:
a +0 leather armour of poison resistance a +0 club
C - a +0 leather armour of poison resistance The cyclops throws a large rock.
The large rock hits you!!!
Ouch! That really hurt!
You die...

#.# .# #.# ###..# #.###
.....#. ######### #..(###.#
#.#. #.......# #.#.....# #.#.
#.....<.# #####...##### #.#.
#.......### #.((.....######.#.
#.........###.###C............
#.......#....@....[...........
#...<...##(...|........#####C.
#.......##.##.####.#<.## #..
####.#####.##.# ##.#..# #..
#.# #.##.# #[.#.(# ### #.#
#.##.# #)##(.# #.# #.##.#
#.##..# #.### #.##.###.##.(#
#...# #.#.........(#


You could see a cyclops.

Vanquished Creatures
  Pikel (D:6)
  A troll (D:6)
  Edmund (D:4)
  A phantom (D:3)
  2 slaves (D:6)
  5 ogres
  A sky beast (D:6)
  A centaur (D:7)
  A bullfrog (D:6)
  2 scorpions
  5 wights
  A howler monkey (D:7)
  2 crimson imps
  3 jellies
  A bullfrog zombie (D:5)
  3 hounds
  5 orc wizards
  3 orc priests
  A bullfrog skeleton (D:5)
  7 worker ants
  Ijyb (D:4)
  A hound skeleton (D:4)
  16 adders
  An ooze (D:4)
  An adder skeleton (D:4)
  4 worms
  3 dart slugs
  3 leopard geckos
  20 orcs
  4 giant cockroaches
  4 goblins
  10 hobgoblins
  9 jackals
  8 kobolds
  4 quokkas
  A ball python (D:6)
  9 bats
  6 frilled lizards
  10 rats
162 creatures vanquished.

Notes
Turn   | Place    | Note
-------+----------+-------------------------------------------
     0 | D:1      | Krouwed the Vampire Assassin began the quest for the Orb.
     0 | D:1      | Reached XP level 1. HP: 16/16 MP: 1/1
   225 | D:1      | Reached skill level 6 in Stealth
   225 | D:1      | Reached XP level 2. HP: 22/22 MP: 2/2
   892 | D:2      | Reached XP level 3. HP: 27/27 MP: 3/3
  1295 | D:2      | Reached XP level 4. HP: 33/33 MP: 4/4
  1730 | D:2      | Reached XP level 5. HP: 34/39 MP: 5/5
  1981 | D:2      | Found a hazy altar of Hepliaklqana.
  2222 | D:3      | Found a sparkling altar of Nemelex Xobeh.
  2609 | D:4      | Noticed Ijyb
  2612 | D:4      | Noticed a phantom
  2627 | D:3      | Reached skill level 7 in Stealth
  2739 | D:3      | Killed a phantom
  2739 | D:3      | Reached XP level 6. HP: 26/46 MP: 4/6
  2818 | D:4      | Killed Ijyb
  2818 | D:4      | Reached skill level 1 in Shields
  2878 | D:4      | Noticed Edmund
  2881 | D:4      | Found a sacrificial altar of Ru.
  2913 | D:4      | Killed Edmund
  2913 | D:4      | Reached XP level 7. HP: 34/52 MP: 5/7
  3226 | D:4      | Reached skill level 8 in Stealth
  3663 | D:5      | Entered Level 5 of the Dungeon
  4385 | D:5      | Reached XP level 8. HP: 33/60 MP: 4/8
  4834 | D:6      | Reached skill level 5 in Short Blades
  4865 | D:6      | Found a faded altar of an unknown god.
  4865 | D:6      | Found a faded altar of an unknown god.
  4881 | D:6      | Reached skill level 9 in Stealth
  4951 | D:6      | Found a shimmering altar of Xom.
  5161 | D:6      | Reached skill level 5 in Dodging
  5380 | D:6      | Noticed Pikel
  5405 | D:6      | Killed Pikel
  5405 | D:6      | Reached XP level 9. HP: 48/67 MP: 5/9
  5501 | D:6      | Found a deep blue altar of Sif Muna.
  5503 | D:6      | Found a white marble altar of Elyvilon.
  5505 | D:6      | Found a radiant altar of Vehumet.
  5786 | D:7      | Reached skill level 10 in Stealth
  5846 | D:7      | Reached skill level 5 in Fighting
  5850 | D:7      | Identified the +1 war axe of Josywi {distort, rElec Str+4
                  | Dex+3 Stlth-}
  6347 | D:7      | Noticed a troll
  6351 | D:7      | Noticed a cyclops
  6363 | D:7      | Noticed a cyclops
  6378 | D:6      | Killed a troll
  6631 | D:7      | Hit by a large rock thrown by a cyclops

Levels and vault maps discovered:
D:1:      psy_arrival_fountain, layout_loops_ring
D:2:      layout_loops_ring, lemuel_coloured_pillars_altar, first_ration,
          minmay_tromino_i4
D:3:      layout_basic, nemelex_altar_shiori
D:4:      layout_basic, marbit_many_paths, nicolae_ossuary_entry_monument,
          uniq_edmund, uniq_ijyb
D:5:      layout_layer_cave
D:6:      layout_loops_ring, overflow_temple_1_default,
          chequers_temple_overflow_minitemple, portal_sewer_entry_e, uniq_pikel
D:7:      minmay_the_grid_triangle_9x9_rhombus_thin
          [minmay_the_grid_triangle_9x9_warning,
          minmay_the_grid_triangle_9x9_prize_schism,
          minmay_the_grid_triangle_9x9_tough_junction,
          minmay_the_grid_triangle_9x9_intruding_spiral], layout_loops_ring,
          minmay_temple_entry_from_below_b, uniq_harold

Skill      XL: |  1  2  3  4  5  6  7  8  9 |
---------------+----------------------------+-----
Stealth        | 6 7 8 9 10 | 10.4
Fighting       | 2 3 4 5 |  5.2
Throwing       | 2 3 4 |  4.7
Dodging        | 2 3 4 5 6 |  6.0
Short Blades   | 3 4 5 6 |  6.4
Shields        | 1 2 3 4 |  4.0

Action                   |  1- 3 |  4- 6 |  7- 9 || total
-------------------------+-------+-------+-------++-------
Melee: Dagger            |   121 |   129 |   230 ||   480
       Bite              |    15 |    24 |    47 ||    86
       Rapier            |       |   117 |    45 ||   162
       Short sword       |       |       |   119 ||   119
Throw: Dart              |       |    22 |    31 ||    53
 Abil: Exsanguinate      |       |       |     1 ||     1
       Revivify          |       |       |     1 ||     1
Evoke: Wand              |       |     2 |     4 ||     6
  Use: Scroll            |       |     7 |     7 ||    14
       Potion            |       |       |     2 ||     2
 Stab: Sleeping          |    13 |    11 |    16 ||    40
       Distracted        |     1 |       |     1 ||     2
       Paralysed         |       |     1 |     1 ||     2
Armor: Robe              |     9 |       |       ||     9
       Leather armour    |    34 |    67 |    53 ||   154
Dodge: Dodged            |    58 |   124 |   151 ||   333
Block: Buckler           |       |    32 |   104 ||   136

Table legend:
 A = Non-vault XP
 B = Vault XP
 C = Vault XP percentage of total XP
 D = Non-vault monster count
 E = Vault monster count
 F = Vault count percentage of total count
                 A         B        C        D         E       F
            +---------+---------+-------+---------+---------+-------
      Total |    2944 |    1169 |  28.4 |     145 |      15 |   9.4
            +---------+---------+-------+---------+---------+-------
        D:1 |      37 |       0 |   0.0 |      21 |       0 |   0.0
        D:2 |     155 |      14 |   8.3 |      37 |       2 |   5.1
        D:3 |     236 |       0 |   0.0 |      13 |       0 |   0.0
        D:4 |     485 |     207 |  29.9 |      27 |       3 |  10.0
        D:5 |     420 |       0 |   0.0 |      15 |       0 |   0.0
        D:6 |    1088 |     948 |  46.6 |      17 |      10 |  37.0
        D:7 |     523 |       0 |   0.0 |      15 |       0 |   0.0
            +---------+---------+-------+---------+---------+-------
